 Dungeon Crawl Stone Soup version 0.21.1-1-g345015f (webtiles) character file.

74 JeffiDaFish the Firebug (level 4, -2/33 HPs)
             Began as a Draconian Fire Elementalist on Mar 3, 2018.
             Slain by a leopard gecko (3 damage)
             ... on level 2 of the Dungeon.
             The game lasted 00:03:27 (1547 turns).

JeffiDaFish the Firebug (DrFE)                      Turns: 1547, Time: 00:03:27

Health: -2/33      AC:  5    Str: 11    XL:     4   Next: 10%
Magic:  0/8        EV: 12    Int: 16    God:
Gold:   120        SH:  0    Dex: 11    Spells: 5/9 levels left

rFire    . . .     SeeInvis .   d - +0 dagger
rCold    . . .     Gourm    .   (no shield)
rNeg     . . .     Faith    .   (armour unavailable)
rPois    .         Spirit   .   (helmet restricted)
rElec    .         Reflect  .   (no cloak)
rCorr    .         Harm     .   (no gloves)
MR       +....                  (no boots)
Stlth    ++........             (no amulet)
HPRegen  0.11/turn              e - ring of protection from magic
MPRegen  0.11/turn              (no ring)

@: lethally poisoned (-2 -> -7), very slightly contaminated
A: unfitting armour, cold-blooded, AC +5
a: no special abilities


You were on level 2 of the Dungeon.
You were not hungry.

You visited 1 branch of the dungeon, and saw 2 of its levels.

You collected 120 gold pieces.

Inventory:

Hand Weapons
 d - a +0 dagger (weapon)
Jewellery
 e - a ring of protection from magic (left hand)
Scrolls
 c - 2 scrolls of identify
Books
 a - a book of Flames

   Spells                             Type                      Level
   a - Flame Tongue                   Conjuration/Fire             1
   b - Throw Flame                    Conjuration/Fire             2
   c - Conjure Flame                  Conjuration/Fire             3
   d - Inner Flame                    Hexes/Fire                   3
   e - Sticky Flame                   Conjuration/Fire             4
   f - Fireball                       Conjuration/Fire             5
Comestibles
 b - 8 rations
 f - 2 chunks of flesh


   Skills:
 - Level 1.7 Dodging
 - Level 1.7 Stealth
 * Level 3.0 Spellcasting
 + Level 1.8 Conjurations
 * Level 3.9 Fire Magic


You had 5 spell levels left.
You knew the following spells:

 Your Spells              Type           Power        Failure   Level  Hunger
a - Flame Tongue          Conj/Fire      ##...        5%          1    #......
b - Conjure Flame         Conj/Fire      ##......     17%         3    ###....


Dungeon Overview and Level Annotations

Branches:
Dungeon (2/15)

Altars:


Innate Abilities, Weirdness & Mutations

Your plain brown scales are hard. (AC +5)
You cannot fit into any form of body armour.
You are cold-blooded and may be slowed by cold attacks.


Message History

You feel sick. The adder closely misses you.
* * * LOW HITPOINT WARNING * * *
You feel sick. The adder misses you.
You aren't carrying any potions.
You closely miss the adder.
The adder is almost dead.
* * * LOW HITPOINT WARNING * * *
You feel sick. The leopard gecko barely misses you.
The adder closely misses you.
You hit the adder but do no damage.
The adder is almost dead.
The adder bites you but does no damage. The leopard gecko misses you.
You hit the adder.
You kill the adder!
Your Spellcasting skill increases to level 3!
You have reached level 4!
You feel stronger.
* * * LOW HITPOINT WARNING * * *
You feel sick. The leopard gecko bites you.
You die...

#......... .#...........
#........##.#.........##
#.......... #.........##
#.........# #####.####..
#.........# #.....=..#.#
#.........# #........#.#
#.........# #........#..
#.....l†..# #........###
#......@..###........#
#..........)'........#
#........####........#
########## #........#
##########


You could see a leopard gecko.

Vanquished Creatures
  4 adders (D:2)
  An ooze (D:1)
  2 dart slugs
  2 leopard geckos (D:2)
  2 bats (D:1)
  A giant cockroach (D:1)
  2 goblins (D:2)
  2 hobgoblins (D:2)
  4 jackals (D:2)
  3 kobolds
  2 frilled lizards (D:2)
  5 rats (D:1)
30 creatures vanquished.

Notes
Turn   | Place    | Note
-------+----------+-------------------------------------------
     0 | D:1      | JeffiDaFish the Draconian Fire Elementalist began the quest for the Orb.
     0 | D:1      | Reached XP level 1. HP: 14/14 MP: 3/3
   353 | D:1      | Reached XP level 2. HP: 18/20 MP: 0/5
  1162 | D:2      | Reached XP level 3. HP: 26/26 MP: 2/6
  1208 | D:2      | Learned a level 3 spell: Conjure Flame
  1545 | D:2      | HP: 1/26 [poisoned by an adder]
  1547 | D:2      | Reached XP level 4. HP: 2/33 MP: 0/8
  1547 | D:2      | Slain by a leopard gecko

Skill      XL: |  1  2  3 |
---------------+----------+-----
Spellcasting   | 3 |  3.0
Dodging        | |  1.7
Stealth        | |  1.7
Conjurations   | |  1.8
Fire Magic     | |  3.9

Action                   |  1- 3 |  4- 6 || total
-------------------------+-------+-------++-------
Melee: Unarmed           |    12 |       ||    12
       Dagger            |    51 |       ||    51
       Tailslap          |     3 |       ||     3
 Cast: Flame Tongue      |    47 |       ||    47
  Use: Scroll            |     4 |       ||     4
       Potion            |     1 |       ||     1
 Stab: Sleeping          |     1 |       ||     1
  Eat: Chunk             |     2 |       ||     2
Armor: Skin              |    22 |       ||    22
Dodge: Dodged            |    58 |       ||    58
